AoeStats
← emidz

Nomad

509008521Analyzed
2v2 RM · 7d ago on Sep 25, 2026· 49m 51s· 4 players
Game mode
Random Map
Map size
176×176
Population
200
Speed
Normal
Resources
Standard
Victory
Conquest
Starting age
Dark Age
Ending age
Imperial Age
RankedLock teamsTeams togetherTeam positionsShared explorationLock speedFull tech treeHidden civsTurbo modeCheats
Victory
Defeat
🇨🇴 Goths · Colombia
1011
+17
🇨🇴 Chinese · Colombia
947
+21
🇦🇷 Danes · Argentina
1041
-19
🇦🇷 Persians · Argentina
1037
-19
Sebastian Quintero Arias
3:33 Loom
12:54 Feudal Age
21:40 Castle Age
21:58 Crossbowman
23:52 Fletching
24:03 Padded Archer Armor
24:58 Double-Bit Axe
25:34 Leather Archer Armor
30:21 Bodkin Arrow
46:53 Imperial Age
46:20 Forging
48:21 Conscription
callmebrujo
7:50 Loom
16:33 Feudal Age
17:27 Double-Bit Axe
23:24 Castle Age
22:45 Man-at-Arms
28:54 Horse Collar
31:25 Forging
31:16 Scale Mail Armor
31:07 Fletching
31:18 Padded Archer Armor
32:33 Long Swordsman
33:58 Heavy Plow
39:30 Imperial Age
37:19 Town Watch
37:48 Bow Saw
37:49 Squires
38:04 Pikeman
39:53 Iron Casting
39:33 Chain Mail Armor
39:44 Two-Handed Swordsman
40:09 Halberdier
41:51 Conscription
42:33 Blast Furnace
41:48 Chain Mail Armor
41:49 Leather Archer Armor
42:30 Gold Mining
43:23 Chain Mail Armor
43:30 Bodkin Arrow
44:55 Anarchy
45:21 Perfusion
48:45 Bracer
48:51 Scale Barding Armor
emidz
5:23 Loom
14:13 Feudal Age
16:04 Double-Bit Axe
18:08 Fletching
18:41 Town Watch
22:02 Fishing Lines
24:56 Castle Age
El Cardo
5:12 Loom
14:14 Feudal Age
17:00 Wheelbarrow
19:37 Castle Age
17:30 Double-Bit Axe
17:51 Scale Mail Armor
18:52 Man-at-Arms
19:37 Town Watch
20:05 Forging
20:01 Long Swordsman
21:05 Gold Mining
21:53 Medium Warships
25:48 Squires
25:43 Fishing Lines
29:21 Elite Skirmisher
30:57 Fletching
31:02 Horse Collar
31:30 Arson
32:56 Bow Saw
33:35 Bodkin Arrow
34:29 Padded Archer Armor
42:10 Chain Mail Armor
47:48 Imperial Age
46:06 Hamask
47:33 Iron Casting
Connection lost

Rejoining the realm…

Still unreachable

The connection could not be restored.

Session expired

The server has moved on; the page needs a fresh start.